 Dungeon Crawl Stone Soup version 0.30-a0-170-g85af917532 (webtiles) character file.

Game seed: 1365038989354390378

14853 Decritt the Fighter (level 12, -18/95 HPs)
             Began as a Djinni Hedge Wizard on Oct 1, 2022.
             Was a Follower of Ashenzari.
             Killed from afar by an acid dragon (34 damage)
             ... with a splash of acid
             ... on level 11 of the Dungeon.
             The game lasted 00:48:12 (16133 turns).

Decritt the Fighter (Djinni Hedge Wizard)          Turns: 16133, Time: 00:48:12

Health: -18/95     AC:  5    Str:  9    XL:     12   Next: 50%
Gold:   776        EV: 23    Int: 20    God:    Ashenzari [*.....] SH:  0 Dex: 14

rFire   + + .      SeeInvis +    q - +6 mace "Uwomih" {drain, rElec SInv}
rCold   x . .      Faith    .    (no shield)
rNeg    . . .      Spirit   .    L - +2 troll leather armour
rPois   ∞          Reflect  .    c - +1 hat of Supernal Knowledge {Melee, Range} (curse)
rElec   +          Harm     .    (no cloak)
rCorr   .          Rampage  .    h - +0 pair of gloves "Cosmic Urgency" {Fort, Range} (curse)
Will    +....                    (boots unavailable)
Stlth   ++........               (no amulet)
HPRegen 1.05/turn                G - +4 ring of evasion
MPRegen 0.00/turn                e - +4 ring of evasion

@: corroded, flying
A: sickness immunity, fire resistance 2, cold vulnerability 1, float, innate
caster, HP casting, extra vitality 1
a: Renounce Religion, Shatter the Chains


You were on level 11 of the Dungeon.
You worshipped Ashenzari.
Ashenzari was aware of your devotion.
You visited 2 branches of the dungeon, and saw 12 of its levels.

You collected 776 gold pieces.

Inventory:

Hand Weapons
 a - a +0 vampiric dagger
 q - the +6 mace "Uwomih" (weapon) {drain, rElec SInv}
   (You found it on level 3 of the Dungeon)

   A truly terrible weapon, it drains the life of any living foe it strikes.
   rElec:     It insulates you from electricity.
   SInv:      It lets you see invisible.
Armour
 b - a +0 robe
 c - the cursed +1 hat of Supernal Knowledge (worn) {Melee, Range}

   It has a curse which improves the following skills: Melee Combat: Short
   Blades, Long Blades, Axes, Maces & Flails, Polearms, Staves and Unarmed
   Combat.
   Ranged Combat: Ranged Weapons and Throwing.
 h - the cursed +0 pair of gloves "Cosmic Urgency" (worn) {Fort, Range}
   (You found it on level 5 of the Dungeon)

   It has a curse which improves the following skills: Fortitude: Armour and
   Shields.
   Ranged Combat: Ranged Weapons and Throwing.
 r - a +0 tower shield
 L - a +2 troll leather armour (worn)
Magical Staves
 p - a staff of conjuration
 C - a staff of cold
Jewellery
 e - a +4 ring of evasion (right hand)
 f - a ring of protection from fire
 n - a +6 ring of dexterity
 z - a ring of wizardry
 B - a +6 ring of dexterity
 G - a +4 ring of evasion (left hand)
 J - a ring of ice
Wands
 k - a wand of roots (19)
 u - a wand of paralysis (2)
 w - a wand of flame (10)
 E - a wand of mindburst (7)
 I - a wand of polymorph (1)
 K - a wand of digging (5)
Scrolls
 i - 2 scrolls of fear
 o - 2 scrolls of butterflies
 x - 3 scrolls of brand weapon
 A - a scroll of magic mapping
 H - 3 scrolls of summoning
Potions
 d - 5 potions of curing
 g - 2 potions of brilliance
 j - a potion of cancellation
 l - 2 potions of ambrosia
 m - 3 potions of lignification
 s - 3 potions of mutation
 t - a potion of might
 v - a potion of heal wounds
 y - a potion of resistance
 F - a potion of invisibility


   Skills:
 * Level 12.1 Fighting
 - Level 4.7(5.6) Armour
 + Level 7.9 Dodging
 - Level 1.5 Stealth
 + Level 3.1(3.9) Shields
 * Level 9.8 Spellcasting


You had 5 spell levels left.
You knew the following spells:

 Your Spells              Type           Power      Damage    Failure   Level
a - Magic Dart            Conj           100%       1d8       1%          1
b - Summon Guardian Gole  Hex/Summ       49%        N/A       1%          3
c - Mephitic Cloud        Conj/Pois/Air  49%        N/A       1%          3
d - Slow                  Hex            100%       N/A       1%          1
e - Blink                 Tloc           98%        N/A       1%          2
f - Cigotuvi's Dreadful   Necr/Pois/Air  98%        N/A       1%          2
g - Summon Small Mammal   Summ           100%       N/A       1%          1
h - Call Imp              Summ           49%        N/A       1%          2
i - Frozen Ramparts       Ice            98%        1d15      1%          3
j - Wereblood             Tmut           49%        N/A       1%          2
k - Silence               Hex/Air        24%        N/A       4%          5
Your spell library was empty.

Dungeon Overview and Level Annotations

Branches:
Dungeon (11/15)            Temple (1/1) D:7             Orc (0/2) D:11
   Lair: D:8-11

Altars:
Ashenzari
Cheibriados
Dithmenos
Elyvilon
Fedhas
Gozag
Hepliaklqana
Nemelex Xobeh
Okawaru
Qazlal
Ru
Trog
Uskayaw
Wu Jian
Xom
Yredelemnul
Zin
The Shining One

Shops:
D:1 :   D:8 *

Annotations:
D:4 Edmund


Innate Abilities, Weirdness & Mutations

You are immune to sickness and miasma.
You are immune to poison.
Your flesh is very heat resistant. (rF++)
You are vulnerable to cold. (rC-)
You float through the air rather than walking.
You learn spells naturally, not from books.
Your magical power is your life essence.
You have superior vitality. (+4 MHP)


Message History

The troll is engulfed in blazing flames.
The troll dies!
The +0 troll leather armour is intact enough to wear.
The komodo dragon is engulfed in blazing flames.
The boulder beetle is engulfed in blazing flames.
The boulder beetle hits your guardian golem!
The boulder beetle stops rolling and uncurls.
The gnoll sergeant hits the komodo dragon with a +0 spear.
The komodo dragon is engulfed in blazing flames.
The boulder beetle curls into a ball and begins rolling!
The acid dragon spits acid at you. The splash of acid hits you!!
* * * LOW HITPOINT WARNING * * *
The acid corrodes you!
The black bear is engulfed in blazing flames.
The black bear bites the fungus.
The black bear claws the fungus. x2
The black bear bites itself.
The black bear claws itself. x2
The boulder beetle hits your guardian golem.
The boulder beetle stops rolling and uncurls.
The boulder beetle is engulfed in blazing flames.
The boulder beetle bites your guardian golem.
Casting: Summon Guardian Golem (safe; 1% risk of failure)
Confirm with . or Enter, or press ? or * to list all spells.
A guardian golem appears, shielding your allies.
* * * LOW HITPOINT WARNING * * *
Your guardian golem disappears in a puff of smoke!
The boulder beetle is engulfed in blazing flames.
The acid dragon bites you.
* * * LOW HITPOINT WARNING * * *
The acid dragon claws you.
* * * LOW HITPOINT WARNING * * *
You swap places.
The acid dragon closely misses you. The acid dragon barely misses you.
The black bear is engulfed in blazing flames.
The black bear dies!
You feel a bit more experienced.
You see here a scorpion corpse.
The acid dragon spits acid at you. The splash of acid hits you!!
You die...

#.##.##
#.P......
#.##.[##
#☼☼......
##(###..#
#°.†g....
#..# ##.#
##§)§.....
##.## #.#
##..)......
, #..# #.#
#..##......
, #.## #.#
#.## .....
#.# #>###B#
.... #.#
#.@†D9# ...
#.# ##.####
.., #.# #.#
, . #.# #.#
, #.# #.#
#.. ,, #.#
#.# #.# #.#
#.# #.# #.#
#.# #.# #.#
* #.# , ,


You could see a boulder beetle, an acid dragon (catching breath, ally target)
and a friendly guardian golem (summoned).

Vanquished Creatures
  A centaur warrior (D:10)
  3 two-headed ogres
  A boulder beetle (D:10)
  A deep elf pyromancer (D:10)
  An ugly thing (D:10)
  A cyclops (D:10)
  A komodo dragon (D:11)
  An unseen horror (D:9)
  An unseen horror (shapeshifter) (D:10)
  4 trolls (D:11)
  A vampire (D:11)
  4 wyverns
  A yak (D:10)
  A vampire mosquito (D:10)
  Menkaure (D:4)
  2 steam dragons
  An acid dragon (D:10)
  A water moccasin (D:11)
  A sky beast (D:8)
  7 orc warriors
  3 ice beasts
  4 black bears
  5 ogres
  7 centaurs
  7 kobold brigands
  A necrophage (D:4)
  6 scorpions
  3 gnoll sergeants
  2 bullfrogs (D:8)
  6 wights
  7 killer bees (D:9)
  A howler monkey (D:8)
  A lava snake (D:10)
  2 orc priests
  A hound (D:5)
  2 jellies
  4 gnoll boudas
  2 iguanas (D:5)
  4 orc wizards
  17 gnolls
  3 adders
  2 white imps (D:7)
  2 ufetubi (D:6)
  A worm (D:5)
  5 dart slugs
  26 orcs
  8 endoplasms
  5 giant cockroaches
  3 hobgoblins
  A quokka (D:5)
  3 ball pythons
  5 bats
  5 frilled lizards
  5 goblins
  23 kobolds
  9 rats
  A spectral orc (D:6)
227 creatures vanquished.

Vanquished Creatures (collateral kills)
  Joseph (D:8)
  Maggie (D:8)
  An ice beast (D:6)
  A centaur (D:5)
  A kobold brigand (D:5)
  A scorpion (D:6)
  2 orc priests (D:6)
  A hound (D:5)
  An orc wizard (D:8)
  An iguana (D:5)
  4 gnolls
  2 adders
  2 ufetubi
  A worm (D:2)
  3 dart slugs (D:3)
  3 orcs
  An endoplasm (D:2)
  A giant cockroach (D:2)
  A goblin (D:2)
  3 jackals (D:1)
  3 kobolds
  A quokka (D:5)
  4 ball pythons
  5 frilled lizards
  2 rats
47 creatures vanquished.

Vanquished Creatures (others)
  2 trolls
  2 vampires (D:11)
  A basilisk (shapeshifter) (D:10)
  A yak (D:10)
  A black bear (D:11)
  A centaur (D:10)
  A bullfrog (D:11)
  A gnoll sergeant (D:10)
  2 killer bees (D:9)
  A gnoll (D:11)
  65 fungi
  59 plants
137 creatures vanquished.

Grand Total: 411 creatures vanquished

Notes
Turn   | Place    | Note
-------+----------+-------------------------------------------
     0 | D:1      | Decritt the Djinni Hedge Wizard began the quest for the
                  | Orb.
     0 | D:1      | Decritt set off with the following spells memorised: Magic
                  | Dart, Slow, Blink, Call Imp, Cigotuvi's Dreadful Rot,
                  | Mephitic Cloud.
     0 | D:1      | Reached XP level 1. HP: 15/15 MP: 0/0
   339 | D:1      | Found Govargh's Vocational Training.
   366 | D:1      | Reached XP level 2. HP: 15/22 MP: 0/0
   746 | D:1      | Reached skill level 1 in Fighting
  1090 | D:1      | Found a faded altar of an unknown god.
  1153 | D:1      | Reached XP level 3. HP: 26/27 MP: 0/0
  1153 | D:1      | Learned a level 1 spell: Summon Small Mammal
  1828 | D:1      | Reached skill level 2 in Fighting
  2257 | D:2      | Reached XP level 4. HP: 21/33 MP: 0/0
  2434 | D:2      | Found a hide-covered altar of Uskayaw.
  3559 | D:3      | Reached XP level 5. HP: 29/40 MP: 0/0
  3559 | D:3      | Learned a level 2 spell: Wereblood
  3680 | D:3      | Found an iron altar of Okawaru.
  3768 | D:3      | Reached skill level 3 in Fighting
  3778 | D:3      | Identified the +6 mace "Uwomih" {drain, rElec SInv}
  4338 | D:4      | Noticed a black bear
  4346 | D:4      | Noticed Menkaure
  4361 | D:3      | Killed a black bear
  4695 | D:4      | Reached XP level 6. HP: 30/47 MP: 0/0
  4832 | D:4      | Reached skill level 4 in Fighting
  5133 | D:4      | Found a shimmering altar of Xom.
  5398 | D:4      | Killed Menkaure
  5399 | D:4      | Reached XP level 7. HP: 8/53 MP: 0/0
  5399 | D:4      | Learned a level 3 spell: Frozen Ramparts
  5718 | D:4      | Noticed Edmund
  6012 | D:5      | Entered Level 5 of the Dungeon
  6082 | D:5      | Reached skill level 5 in Fighting
  6273 | D:5      | Reached skill level 5 in Spellcasting
  6376 | D:5      | Reached XP level 8. HP: 46/61 MP: 0/0
  6690 | D:5      | Reached skill level 6 in Fighting
  7220 | D:5      | Found a large runed translucent door.
  7225 | D:5      | Found a large runed translucent door.
  7230 | D:5      | Found a shimmering altar of Xom.
  7844 | D:6      | Reached skill level 7 in Fighting
  7882 | D:6      | Found a basalt altar of Yredelemnul.
  8333 | D:6      | Reached XP level 9. HP: 68/68 MP: 0/0
  8333 | D:6      | Learned a level 3 spell: Summon Guardian Golem
  8475 | D:6      | Found a glowing silver altar of Zin.
  8808 | D:6      | You are sucked into a shaft and drop 1 floor!
  9770 | D:5      | Reached skill level 8 in Fighting
 10335 | D:7      | Found a staircase to the Ecumenical Temple.
 10346 | Temple   | Entered the Ecumenical Temple
 10402 | Temple   | Became a worshipper of Ashenzari the Shackled
 10490 | D:7      | Found a white marble altar of Elyvilon.
 11044 | D:8      | Noticed Maggie
 11055 | D:8      | Killed Maggie
 11056 | D:8      | Reached skill level 1 in Shields
 11056 | D:8      | Reached XP level 10. HP: 71/77 MP: 0/0
 11299 | D:8      | Reached skill level 9 in Fighting
 11428 | D:8      | Found a bloodstained altar of Trog.
 11441 | D:8      | Reached skill level 1 in Armour
 11605 | D:8      | Found Opha's General Store.
 11605 | D:8      | Noticed Joseph
 11617 | D:8      | Killed Joseph
 11618 | D:8      | Reached skill level 5 in Dodging
 12701 | D:9      | Reached * piety under Ashenzari
 12903 | D:9      | Noticed an unseen horror
 12914 | D:9      | Killed an unseen horror
 13270 | D:10     | Entered Level 10 of the Dungeon
 13358 | D:10     | Reached skill level 10 in Fighting
 13398 | D:10     | Reached XP level 11. HP: 46/85 MP: 0/0
 13398 | D:10     | Learned a level 5 spell: Silence
 13764 | D:10     | Found a blossoming altar of Fedhas.
 13844 | D:10     | Reached ** piety under Ashenzari
 13856 | D:10     | Noticed a two-headed ogre
 13871 | D:10     | Killed a two-headed ogre
 13937 | D:10     | Noticed a purple ugly thing
 13966 | D:10     | Killed a purple ugly thing
 14007 | D:10     | Noticed a boulder beetle
 14067 | D:10     | Killed a boulder beetle
 14129 | D:10     | Noticed a two-headed ogre
 14134 | D:10     | Noticed a centaur warrior
 14147 | D:10     | Killed a two-headed ogre
 14148 | D:10     | Reached skill level 11 in Fighting
 14168 | D:10     | Killed a centaur warrior
 14173 | D:10     | HP: 1/87 [centaur/arrow (5)]
 14315 | D:10     | Identified the +3 glaive of Makhleb {elec, rElec rPois rF-
                  | Str+6}
 14439 | D:10     | Noticed a deep elf pyromancer
 14463 | D:10     | Killed a deep elf pyromancer
 14696 | D:10     | Found a shadowy altar of Dithmenos.
 15222 | D:10     | Noticed a cyclops
 15242 | D:10     | Killed a cyclops
 15628 | D:11     | Reached XP level 12. HP: 70/94 MP: 0/0
 15962 | D:11     | Found a staircase to the Orcish Mines.
 16109 | D:11     | Noticed a two-headed ogre
 16117 | D:11     | Killed a two-headed ogre
 16118 | D:11     | Reached skill level 12 in Fighting
 16120 | D:11     | Noticed a boulder beetle
 16133 | D:11     | Killed from afar by an acid dragon

Illustrated notes

Levels and vault maps discovered:
D:1:      heliophobic_arrival_glass_houses, layout_loops_ring,
          dreamdust_ecumenical_altar_hidden_monk_grotto, nicolae_shop_vocational
D:2:      layout_loops_ring, basic_altar, hangedman_decor_riveting,
          nrook_mini_vaults, hangedman_decor_push, wad_floor_pattern_1
D:3:      layout_basic, okawaru_ov_weapons_minmay
D:4:      layout_gridville, nicolae_overflow_hidden_temple,
          makhleb_altar_promises_db, uniq_edmund, uniq_menkaure, uniq_natasha
D:5:      due_chaos_kobolds, layout_loops_cross, kiku_gazebo_garden_becter,
          minmay_lizard_king
D:6:      layout_gridville, amcnicky_altar_gilded,
          yredelemnul_forgotten_temple_becter
D:7:      layout_basic, mainiacjoe_overflow_alcove_1,
          minmay_temple_entry_antechambers
D:8:      layout_basic, mainiacjoe_overflow_boulevard, serial_shops,
          nicolae_shop_behind_doors, dreamdust_mushroom_princess, uniq_maggie,
          uniq_joseph
D:9:      layout_roguey, vehumet_altar_wand_db,
          nicolae_concentric_dashed_squares_wild
D:10:     minmay_the_grid_plus_closed [minmay_the_grid_tree,
          minmay_the_grid_doors, minmay_the_grid_gridbox,
          minmay_the_grid_diamond_grid, minmay_the_grid_prize_big_room],
          layout_gridville, mainiacjoe_overflow_catch_the_wave
D:11:     layout_rooms, due_lair_maze_entry_diamond,
          kennysheep_orc_monster_closet_entryway
Temple:   hellmonk_temple_of_storms

Skill      XL: |  1  2  3  4  5  6  7  8  9 10 11 12 |
---------------+-------------------------------------+-----
Fighting       | 1 2 3 4 5 7 8 10 11 12 | 12.1
Spellcasting   | 3 4 5 6 7 8 9 |  9.8
Dodging        | 4 5 7 |  7.9
Shields        | 1 3 |  3.1
Armour         | 3 4 |  4.7
Stealth        | |  1.5

Action                   |  1- 3 |  4- 6 |  7- 9 | 10-12 || total
-------------------------+-------+-------+-------+-------++-------
Melee: Dagger            |     9 |       |       |       ||     9
       Mace              |       |    39 |   131 |   330 ||   500
       Staff             |       |     1 |       |       ||     1
       Punch             |       |       |       |     1 ||     1
 Cast: Magic Dart        |    76 |    67 |    77 |    54 ||   274
       Slow              |     6 |     6 |    28 |    19 ||    59
       Blink             |     1 |       |       |       ||     1
       Call Imp          |     3 |    26 |    32 |     8 ||    69
       Summon Small Mamm |     1 |     1 |       |       ||     2
       Mephitic Cloud    |       |       |    34 |    40 ||    74
       Summon Guardian G |       |       |       |    25 ||    25
Invok: Curse Item        |       |       |       |     3 ||     3
       Shatter the Chain |       |       |       |     1 ||     1
  Use: Scroll            |       |     9 |     3 |     7 ||    19
       Potion            |       |       |       |     4 ||     4
 Stab: Sleeping          |       |     1 |       |       ||     1
       Distracted        |       |       |     2 |       ||     2
       Confused          |       |       |     2 |    12 ||    14
Armor: Robe              |     7 |    18 |    31 |       ||    56
       Acid dragon scale |       |       |       |   104 ||   104
       Troll leather arm |       |       |       |    13 ||    13
Dodge: Dodged            |    35 |    76 |   192 |   560 ||   863

Table legend: (Time is in decaauts)
 A = Elapsed time spent in this place.
 B = Non-inter-level travel time spent in this place.
 C = Inter-level travel time spent in this place.
 D = Time resting spent in this place.
 E = Time spent auto-exploring this place.
 F = Levels seen in this place.
 G = Mean time per level.
                   A        B        C        D        E       F      G
               +--------+--------+--------+--------+--------+-----+--------+
         Total |  16337 |  16038 |    299 |   5912 |   7152 |  12 | 1361.4 |
       Dungeon |  16275 |  15976 |    299 |   5912 |   7112 |  11 | 1479.5 |
        Temple |     61 |     61 |      0 |      0 |     40 |   1 |   61.0 |
               +--------+--------+--------+--------+--------+-----+--------+

Top non-repeatable levels by time:
    D:10: 2371 daAuts
     D:1: 2013 daAuts
     D:5: 1797 daAuts
     D:6: 1736 daAuts
     D:8: 1667 daAuts
     D:3: 1477 daAuts
     D:2: 1389 daAuts
     D:4: 1379 daAuts
     D:7: 989 daAuts
     D:9: 876 daAuts
    D:11: 578 daAuts
  Temple: 61 daAuts
